AoeStats
← owengold23

Arabia

505389465Analyzed
1v1 RM · 24d ago on Sep 9, 2026· 36m 54s· 2 players
Game mode
Random Map
Map size
Tiny (2 player)
Population
200
Speed
Normal
Resources
Standard
Victory
Conquest
Starting age
Dark Age
Ending age
Imperial Age
RankedLock teamsTeams togetherTeam positionsShared explorationLock speedFull tech treeHidden civsTurbo modeCheats
Victory
Defeat
🇦🇷 Persians · Argentina
1697
+14
🇦🇺 Wei · Australia
1652
-14
owengold23
6:08 Loom
9:13 Feudal Age
9:53 Double-Bit Axe
9:57 Horse Collar
17:48 Fletching
18:04 Gold Mining
19:19 Wheelbarrow
23:06 Castle Age
21:37 Padded Archer Armor
21:52 Stone Mining
23:14 Elite Skirmisher
23:50 Bodkin Arrow
24:33 Leather Archer Armor
24:42 Bow Saw
25:45 Bloodlines
26:32 Heavy Plow
30:37 Town Watch
31:40 Hand Cart
31:50 Scale Barding Armor
34:07 Light Cavalry
36:16 Chain Barding Armor
alex_a025
6:31 Loom
8:56 Feudal Age
9:18 Double-Bit Axe
10:14 Horse Collar
13:13 Fletching
21:25 Castle Age
21:12 Crossbowman
21:49 Bodkin Arrow
22:13 Bow Saw
22:47 Town Watch
23:37 Padded Archer Armor
23:59 Ballistics
28:32 Elite Skirmisher
30:12 Leather Archer Armor
34:25 Wheelbarrow
36:52 Imperial Age
34:44 Stone Mining
35:31 Gold Mining
36:32 Scale Barding Armor
37:42 Chain Barding Armor
37:59 Ring Archer Armor
Connection lost

Rejoining the realm…

Still unreachable

The connection could not be restored.

Session expired

The server has moved on; the page needs a fresh start.